Map: Cerulean Fall LE

Players

Grimreaper

  • Race: Protoss Protoss
  • Spawn Location: 7:00

VOD

Have the link to the VOD?

Description

Time

  • Played on: Jan. 20, 2019, 11:05 p.m.
  • Length: 14:50
Show
View Real Time Build Order
Export as new Build Order

Grimreaper Protoss 

Build Orders:  

Get SALT Encoding   

  12  0:04  Probe (Chrono Boost)  
  14  0:21  Probe (Chrono Boost)  
  14  0:24  Pylon  
  14  0:38  Probe (Chrono Boost)  
  15  0:55  Gateway, Probe (Chrono Boost)  
  17  1:12  Probe (Chrono Boost)  
  17  1:13  Pylon  
  17  1:22  Assimilator  
  18  1:32  Probe (Chrono Boost)  
  18  1:49  Probe (Chrono Boost)  
  19  2:01  Cybernetics Core  
  19  2:05  Zealot  
  19  2:06  Probe (Chrono Boost)  
  22  2:18  Assimilator  
  22  2:28  Forge  
  23  2:42  Probe (Chrono Boost)  
  23  2:43  Zealot  
  25  2:59  Probe (Chrono Boost)  
  26  3:16  Probe (Chrono Boost)  
  27  3:26  Nexus  
  27  4:01  Nexus  
  27  4:04  Warp Gate  
  27  4:13  Pylon  
  28  4:22  Probe (Chrono Boost)  
  28  4:39  Probe (Chrono Boost)  
  29  4:53  Gateway  
  29  4:56  Probe (Chrono Boost)  
  30  5:13  Probe (Chrono Boost)  
  30  5:16  Adept  
  33  5:22  Gateway  
  33  5:25  Probe (Chrono Boost)  
  35  5:30  Probe (Chrono Boost)  
  35  5:42  Probe (Chrono Boost)  
  35  5:44  Probe (Chrono Boost)  
  37  5:58  Probe (Chrono Boost)  
  37  5:59  Probe (Chrono Boost)  
  40  6:01  Probe (Chrono Boost)  
  40  6:09  Pylon  
  40  6:13  Pylon  
  40  6:15  Probe (Chrono Boost)  
  40  6:16  Probe (Chrono Boost)  
  40  6:17  Probe (Chrono Boost)  
  43  6:28  Probe x3 (Chrono Boost)  
  44  6:39  Probe (Chrono Boost)  
  41  6:40  Probe x2 (Chrono Boost)  
  46  6:41  Adept x2  
  46  6:44  Adept  
  55  6:51  Probe (Chrono Boost)  
  55  6:55  Probe (Chrono Boost)  
  57  7:07  Gateway  
  58  7:10  Gateway  
  58  7:12  Probe (Chrono Boost)  
  58  7:13  Gateway  
  58  7:16  Gateway  
  58  7:21  Gateway  
  58  7:22  Protoss Ground Weapons Level 1  
  58  7:28  Forge  
  58  7:33  Forge  
  58  7:46  Zealot x2  
  58  7:47  Zealot  
  64  7:54  Assimilator  
  64  7:58  Assimilator  
  64  8:04  Probe (Chrono Boost)  
  64  8:09  Probe (Chrono Boost)  
  66  8:15  Protoss Ground Armor Level 1  
  66  8:19  Protoss Shields Level 1  
  67  8:21  Probe (Chrono Boost)  
  67  8:25  Probe (Chrono Boost)  
  68  8:38  Probe (Chrono Boost)  
  69  8:42  Probe (Chrono Boost)  
  69  8:48  Probe (Chrono Boost)  
  71  8:55  Probe (Chrono Boost)  
  71  8:59  Probe (Chrono Boost)  
  73  9:05  Probe (Chrono Boost)  
  73  9:08  Stalker x4  
  73  9:09  Stalker  
  84  9:12  Probe (Chrono Boost)  
  85  9:20  Nexus  
  85  9:22  Pylon  
  85  9:26  Pylon  
  88  9:50  Probe x3 (Chrono Boost)  
  88  9:52  Photon Cannon  
  88  9:58  Photon Cannon  
  88  10:03  Photon Cannon  
  88  10:07  Probe (Chrono Boost)  
  89  10:12  Twilight Council  
  89  10:13  Twilight Council  
  89  10:21  Pylon  
  89  10:26  Pylon  
  89  10:29  Adept x4  
  97  10:30  Adept x2  
  97  10:31  Pylon  
  97  10:36  Pylon  
  101  10:40  Pylon  
  101  10:44  Pylon  
  101  10:47  Pylon  
  101  10:55  Photon Cannon  
  101  10:58  Photon Cannon  
  101  11:03  Assimilator  
  101  11:08  Probe (Chrono Boost)  
  101  11:09  Assimilator  
  103  11:11  Probe (Chrono Boost)  
  103  11:25  Probe (Chrono Boost)  
  104  11:33  Probe (Chrono Boost)  
  105  11:42  Probe (Chrono Boost)  
  107  11:50  Stargate, Probe (Chrono Boost)  
  107  11:52  Stargate  
  107  11:56  Stargate  
  107  12:00  Stargate  
  107  12:07  Probe (Chrono Boost)  
  108  12:16  Probe (Chrono Boost)  
  109  12:22  Stalker x2  
  109  12:23  Stalker x4  
  109  12:24  Stalker x2  
  126  12:33  Probe (Chrono Boost)  
  126  12:44  Charge  
  123  12:50  Probe (Chrono Boost)  
  122  13:07  Probe (Chrono Boost)  
  120  13:11  Pylon  
  120  13:13  Pylon  
  120  13:14  Adept x2  
  120  13:15  Pylon  
  123  13:20  Pylon  
  123  13:23  Pylon  
  123  13:24  Probe (Chrono Boost)  
  89  13:42  Unknown  
  70  13:52  Zealot x4  
  70  13:53  Zealot x4  
  69  14:24  Stalker x4  
  69  14:25  Stalker x4  
Tags
 
Add a new tag
Caveats
  • Supply blocks, unpowered buildings, or Contaminate may cause inaccurate times.
  • Supply counts are checked every 10 seconds.